 Dungeon Crawl Stone Soup version 0.17.0-23-g0de4337 (console) character file.

8456 gw the Cleaver (level 11, -11/103 HPs)
             Began as a Deep Dwarf Gladiator on Nov 14, 2015.
             Was a Believer of Ru.
             Mangled by a hill giant
             ... wielding a cursed -2 giant club
              (18 damage)
             ... on level 10 of the Dungeon.
             The game lasted 00:11:04 (5777 turns).

gw the Cleaver (Deep Dwarf Gladiator)               Turns: 5777, Time: 00:11:04

Health: -11/103    AC: 24    Str: 18    XL:     11   Next: 10%
Magic:  6/6        EV:  4    Int: 10    God:    Ru [**....]
Gold:   422        SH:  0    Dex: 16    Spells: 0 memorised, 10 levels left

rFire  . . .     SeeInvis .     a - +2 war axe (elec)
rCold  . . .     Clarity  .     s - +0 crystal plate armour
rNeg   . . .     SustAt   .     (no shield)
rPois  .         Gourm    .     c - +0 helmet
rElec  .         Spirit   .     k - +0 cloak (curse)
rCorr  +         Warding  .     m - +0 pair of gloves
rMut   .         Stasis   .     (no boots)
MR     +....                    w - amulet of resist corrosion
Stlth  ..........               (no ring)
                                (no ring)

@: non-regenerating, somewhat resistant to hostile enchantments, extremely
unstealthy
A: damage resistance, recharge devices, sense surroundings 2, slow regeneration
3, no stealth, hated by all
a: Device Recharging, Renounce Religion


You were on level 10 of the Dungeon.
You worshipped Ru.
Ru was pleased with you.
You were very hungry.

You visited 2 branches of the dungeon, and saw 9 of its levels.

You collected 422 gold pieces.

Inventory:

Hand Weapons
 a - a +2 war axe of electrocution (weapon)
Missiles
 d - 5 throwing nets
 r - 6 bolts
Armour
 c - a +0 helmet (worn)
 k - a cursed +0 cloak (worn)
 m - a +0 pair of gloves (worn)
 s - a +0 crystal plate armour (worn)
Jewellery
 w - an amulet of resist corrosion (around neck)
Wands
 e - a wand of heal wounds (0)
 l - a wand of digging (12)
Scrolls
 i - 7 scrolls of identify
 t - 2 scrolls of remove curse
Potions
 h - a potion of curing
Comestibles
 f - 8 bread rations
 g - 3 meat rations
 j - a slice of pizza
 o - 8 beef jerkies
 p - 5 fruits


   Skills:
 + Level 8.1 Fighting
 * Level 13.3 Axes
 - Level 1.7 Throwing
 + Level 9.3 Armour
 - Level 3.2 Dodging
 - Level 1.6 Evocations


You had 10 spell levels left.
You didn't know any spells.

Dungeon Overview and Level Annotations

Branches:
Dungeon (10/15)            Temple (1/1) D:5            Lair (0/8) D:8
    Orc: D:9-12

Altars:
Ashenzari
Dithmenos
Elyvilon
Fedhas
Gozag
Makhleb
Nemelex Xobeh
Okawaru
Qazlal
Ru
Sif Muna
Vehumet
Xom
Zin
The Shining One

Shops:
D:10 *


Innate Abilities, Weirdness & Mutations

You are resistant to damage.
You can recharge devices by infusing magical energy.
You passively map the area around you.
You do not regenerate naturally.
You cannot be stealthy.
You are hated by all.


Message History

Making a random move The yak is stunned by your will and fails to attack.
The hill giant hits you with a giant club!
Trying to move but square is occupied??
Making a random move MOVING TO (7,-4)
The yak gores you but does no damage.
Trying to move but square is occupied??
Making a random move Trying to move but square is occupied??
Making a random move The yak stops glowing.
Trying to move but square is occupied??
Making a random move Trying to move but square is occupied??
Making a random move Trying to move but square is occupied??
Making a random move The hill giant hits you with a giant club!!
You die...

#.###.....###..# #%#.#.#.###
#.#####..## ##.# #.#.#.#.#
##.##....## #.#######.#.#%#.###
.......#..## ##.........#.#.#....
#...#..#...###.####.#####.#%#..#*
/.........#.#.(####.........(..##
#...#..##.##............#........
##.##..##.####.#.C...............
##.##..##.......gY......##.......
##..........$..#######..##.#.....
##.##.>........# #..##.#.....
.......######.## #..##.###.##
##..##.# #..# **#..##. #..#
##.###.# ###.### ...# #.##
.....### ##..Y..## ##.# *#.#
......## ##......:## #.#
.......#'#...).)...#### * , #.#


You could see a hill giant and a yak.

Table legend:
 A = Turns spent in this place as a percentage of turns spent in the entire game.
 B = Non-inter-level travel turns spent in this place as a percentage of non-inter-level travel turns spent in the entire game.
 C = Inter-level travel turns spent in this place as a percentage of turns spent in this place.
 D = Turns resting spent in this place as a percentage of non-inter-level travel turns spent in this place.
 E = Turns spent auto-exploring this place as a percentage of non-inter-level travel turns spent in this place.
 F = Non-inter-level travel turns spent in this place divided by the number of levels of this place that you've seen.
                   A       B       C       D       E      F
               +-------+-------+-------+-------+-------+----------------------
         Total | 100.0 | 100.0 |   0.4 |   0.0 |   2.2 | 1367.1
       Dungeon |  98.6 |  98.6 |   0.4 |   0.0 |   2.2 | 1516.9
        Temple |   1.4 |   1.4 |   0.6 |   0.0 |   5.3 | 169.0
               +-------+-------+-------+-------+-------+----------------------

Table legend:
 A = Kills in this place as a percentage of kills in entire the game.
 B = Kills by you in this place as a percentage of kills by you in the entire game.
 C = Kills by friends in this place as a percentage of kills by friends in the entire game.
 D = Other kills in this place as a percentage of other kills in the entire game.
 E = Experience gained in this place as a percentage of experience gained in the entire game.
 F = Experience gained in this place divided by the number of levels of this place that you have seen.
                   A       B       C       D       E      F
               +-------+-------+-------+-------+-------+----------------------
         Total | 100.0 | 100.0 |  -nan |  -nan | 100.0 | 1342.2
       Dungeon | 100.0 | 100.0 |  -nan |  -nan | 100.0 | 1510.0
               +-------+-------+-------+-------+-------+----------------------

Vanquished Creatures
  The ghost of trolloc1 the Bludgeoner, a novice MiBe of Trog (D:10)
  A hill giant (D:10)
  A wizard (D:10)
  A troll (D:10)
  2 two-headed ogres
  The ghost of stevs the Magician, an amateur DgWz (D:5)
  13 yaks (D:10)
  3 deep elf magi (D:10)
  2 steam dragons
  A hippogriff (D:9)
  A black bear (D:10)
  2 necrophages
  3 ogres
  3 water moccasins
  2 orc warriors (D:8)
  A phantom (D:5)
  2 centaurs
  3 ice beasts (D:9)
  An eye of draining (D:9)
  A big kobold (D:9)
  2 giant frogs
  A gnoll sergeant (D:9)
  A scorpion (D:8)
  9 wights (D:8)
  2 giant frog zombies
  A crimson imp (D:5)
  2 jellies
  4 hounds
  8 orc priests
  3 orc wizards
  2 giant frog skeletons
  3 iguanas
  5 worker ants
  A killer bee zombie (D:8)
  A hound skeleton (D:5)
  9 adders
  6 gnolls
  2 shadow imps (D:8)
  An ooze (D:3)
  2 adder zombies
  4 worms
  28 orcs
  5 bats
  A goblin (D:1)
  4 hobgoblins
  10 kobolds
  4 giant cockroaches
  2 giant newts
  8 jackals
  3 quokkas
  5 rats
184 creatures vanquished.

Vanquished Creatures (others)
  A quokka (D:3)
  A fungus (D:8)
  4 toadstools (D:1)
6 creatures vanquished.

Grand Total: 190 creatures vanquished

Notes
Turn   | Place    | Note
--------------------------------------------------------------
     0 | D:1      | gw the Deep Dwarf Gladiator began the quest for the Orb.
     0 | D:1      | Reached XP level 1. HP: 19/19 MP: 1/1
   206 | D:1      | Reached XP level 2. HP: 23/26 MP: 2/2
   931 | D:2      | Reached skill level 1 in Evocations
   958 | D:2      | Found a faded altar to an unknown god.
  1127 | D:2      | Reached skill level 1 in Armour
  1361 | D:3      | Reached XP level 3. HP: 29/32 MP: 4/4
  1435 | D:3      | Noticed an ogre
  1445 | D:3      | Killed an ogre
  1445 | D:3      | Reached skill level 4 in Axes
  1445 | D:3      | Reached XP level 4. HP: 25/40 MP: 5/5
  1460 | D:3      | Found a glowing silver altar of Zin.
  1490 | D:3      | Found a white marble altar of Elyvilon.
  1509 | D:3      | Reached XP level 5. HP: 28/46 MP: 6/6
  1892 | D:4      | Reached skill level 5 in Axes
  1964 | D:4      | Reached XP level 6. HP: 46/56 MP: 7/7
  2504 | D:5      | Entered Level 5 of the Dungeon
  2511 | D:5      | Found a staircase to the Ecumenical Temple.
  2520 | Temple   | Entered the Ecumenical Temple
  2627 | Temple   | Became a worshipper of Ru the Awakened
  2733 | D:5      | Reached skill level 6 in Axes
  2829 | D:5      | Found an opulent altar of Gozag.
  2874 | D:5      | Noticed stevs's ghost (amateur DgWz)
  2874 | D:5      | Reached XP level 7. HP: 38/63 MP: 8/8
  2894 | D:5      | Killed stevs's ghost
  2894 | D:5      | Reached skill level 7 in Axes
  3297 | D:5      | You fall through a shaft for 3 floors!
  3305 | D:8      | Reached XP level 8. HP: 37/72 MP: 9/9
  3363 | D:8      | Reached skill level 5 in Armour
  3364 | D:8      | Reached skill level 8 in Axes
  3450 | D:8      | Found a blossoming altar of Fedhas.
  3490 | D:8      | Reached skill level 5 in Fighting
  3529 | D:8      | Found a staircase to the Lair.
  3632 | D:8      | Reached skill level 9 in Axes
  3754 | D:8      | Gained mutation: You cannot be stealthy. [Ru sacrifice]
  3840 | D:8      | Gained mutation: You passively map the area around you. [Deep Dwarf growth]
  3840 | D:8      | Reached XP level 9. HP: 59/81 MP: 9/9
  3880 | D:8      | Noticed a two-headed ogre
  3889 | D:8      | Killed a two-headed ogre
  3947 | D:8      | Reached skill level 10 in Axes
  3980 | D:8      | Found a stormy altar of Qazlal.
  4165 | D:8      | Found an iron altar of Okawaru.
  4572 | D:9      | Reached skill level 11 in Axes
  4663 | D:9      | Found a burning altar of Makhleb.
  5138 | D:10     | Entered Level 10 of the Dungeon
  5182 | D:10     | Reached XP level 10. HP: 53/92 MP: 8/8
  5254 | D:10     | Noticed a centaur zombie
  5268 | D:10     | Noticed a wizard
  5268 | D:10     | Noticed a hill giant
  5273 | D:10     | Noticed a hill giant
  5321 | D:10     | Reached skill level 12 in Axes
  5333 | D:10     | Killed a wizard
  5346 | D:10     | Killed a hill giant
  5397 | D:10     | Found Siamiyd's Assorted Antiques.
  5433 | D:10     | Noticed trolloc1's ghost (novice MiBe)
  5457 | D:10     | Killed trolloc1's ghost
  5457 | D:10     | Reached skill level 13 in Axes
  5466 | D:10     | Reached XP level 11. HP: 55/103 MP: 6/6
  5467 | D:10     | Gained mutation: You are hated by all. [Ru sacrifice]
  5467 | D:10     | Reached * piety under Ru
  5467 | D:10     | Reached ** piety under Ru
  5573 | D:10     | Noticed a hill giant
  5777 | D:10     | Mangled by a hill giant

Action                   |  1- 3 |  4- 6 |  7- 9 | 10-12 || total
-------------------------+-------+-------+-------+-------++-------
Melee: War axe           |    86 |   132 |   253 |   133 ||   604
Invok: Sacrifice Stealth |       |       |     1 |       ||     1
       Sacrifice Love    |       |       |       |     1 ||     1
 Abil: Device Recharging |       |       |     3 |     3 ||     6
Evoke: Wand              |     1 |     2 |    16 |    22 ||    41
  Use: Potion            |     6 |     1 |     3 |       ||    10
       Scroll            |     4 |     5 |     2 |     3 ||    14
  Eat: Chunk             |     2 |     5 |     9 |     1 ||    17

Vault maps used:
D:1:      ldierk_walled_garden_2, roderic_st_hans_cross
D:2:      ecumenical_altar_2
D:3:      nicolae_overflow_crystal_walls, elyvilon_altar_4, first_bread
D:4:      grunt_decor_one_mirror, minmay_misc_feat_ornament,
          kennysheep_cluttered_room
D:5:      nicolae_gozag_cash_rules_everything_around_me, temple_statues,
          minmay_misc_feat_encased
D:8:      grunt_temple_overflow_forces_of_nature, marbit_many_paths,
          grunt_ogre_cave
D:9:      lemuel_round_altar
D:10:     serial_shops, shop, bh_hangedman_babel_library
Temple:   minmay_temple_curvy_8
